 Dungeon Crawl Stone Soup version 0.30-a0-23-ge60ba3568b (webtiles) character file.

Game seed: 8910238492976679979

6009 purpskrrrp the Grappler (level 10, -8/98 HPs)
             Began as a Troll Fighter on Aug 26, 2022.
             Was an Elder of Cheibriados.
             Mangled by a troll (12 damage)
             ... on level 9 of the Dungeon.
             The game lasted 00:22:34 (6445 turns).

purpskrrrp the Grappler (Troll Fighter)             Turns: 6445, Time: 00:22:34

Health: -8/98      AC:  6    Str: 39    XL:     10   Next: 56%
Magic:  9/9        EV: 12    Int: 13    God:    Cheibriados [****..]
Gold:   541        SH: 18    Dex: 23    Spells: 9/9 levels left

rFire   . . .      SeeInvis +      - Unarmed
rCold   . . .      Faith    .    h - +0 tower shield
rNeg    . . .      Spirit   .    a - +0 robe
rPois   .          Reflect  .    (helmet restricted)
rElec   .          Harm     .    (no cloak)
rCorr   .          Rampage  .    (gloves unavailable)
Will    .....                    (boots unavailable)
Stlth   ++........               (no amulet)
HPRegen 1.06/turn                w - ring of see invisible
MPRegen 0.11/turn                (no ring)

@: very slow
A: large, unfitting armour, claws 3, regeneration 1, shaggy fur 1, tough skin 1,
iridescent scales 1, agile 1
a: Renounce Religion, Bend Time, Temporal Distortion, Slouch


You were on level 9 of the Dungeon.
You worshipped Cheibriados.
Cheibriados was greatly pleased with you.
You visited 1 branch of the dungeon, and saw 9 of its levels.

You collected 541 gold pieces.

Inventory:

Hand Weapons
 r - a +1 dire flail
 E - a +4 morningstar of freezing
Armour
 a - a +0 robe (worn)
 b - a +0 kite shield
 h - a +0 tower shield (worn)
Jewellery
 w - a ring of see invisible (left claw)
 B - a ring of ice
Wands
 v - a wand of iceblast (7)
 x - a wand of charming (10)
 z - a wand of mindburst (21)
 A - a wand of flame (19)
Scrolls
 n - 4 scrolls of amnesia
 o - 3 scrolls of teleportation
 p - a scroll of enchant armour {unknown}
 s - 3 scrolls of enchant weapon
 u - 2 scrolls of blinking
 y - a scroll of magic mapping {unknown}
 C - a scroll of vulnerability {unknown}
Potions
 c - 2 potions of might
 d - a potion of ambrosia {unknown}
 f - a potion of curing
 g - 3 potions of haste
 i - 2 potions of berserk rage {unknown}
 j - 4 potions of lignification
 k - a potion of resistance {unknown}
 l - 6 potions of heal wounds
 m - 3 potions of attraction
 q - a potion of degeneration {unknown}
 t - a potion of magic {unknown}
 D - a potion of flight {unknown}


   Skills:
 + Level 6.0 Fighting
 + Level 6.0 Dodging
 * Level 8.9 Shields
 * Level 9.6 Unarmed Combat


You had 9 spell levels left.
You didn't know any spells.
Your spell library contained the following spells:

 Spells                   Type           Power      Damage    Failure   Level
 Magic Dart               Conj           0%         1d3       80%         1
 Summon Small Mammal      Summ           0%         N/A       80%         1
 Call Imp                 Summ           0%         N/A       91%         2
 Call Canine Familiar     Summ           0%         N/A       99%         3
 Confusing Touch          Hex            0%         N/A       99%         3
 Gell's Gravitas          Tloc           0%         N/A       99%         3
 Lesser Beckoning         Tloc           0%         N/A       99%         3
 Mephitic Cloud           Conj/Pois/Air  0%         N/A       99%         3
 Summon Guardian Golem    Hex/Summ       0%         N/A       99%         3
 Teleport Other           Tloc           0%         N/A       99%         3
 Yara's Violent Unravell  Hex/Tmut       0%         3d3       100%        5
 Enfeeble                 Hex            0%         N/A       100%        7


Dungeon Overview and Level Annotations

Branches:
Dungeon (9/15)             Temple (0/1) D:7
   Lair: D:8-11         Orc: D:9-12

Altars:
Cheibriados
Elyvilon
Okawaru
Sif Muna
Trog
Vehumet
Lugonu

Shops:
D:5 *   D:8 [

Portals:
Abyss: D:6


Innate Abilities, Weirdness & Mutations

You are too large for most types of armour.
You have claws for hands.
Your natural rate of healing is unusually fast.
You are covered in fur. (AC +1)
You have tough skin. (AC +1)
You are partially covered in iridescent scales. (AC +2)
You are agile. (Dex +4, Str/Int -1)


Message History

The troll is almost dead.
You block the troll's attack. x2; The troll claws you but does no damage.
You barely miss the troll.
The troll is almost dead.
The troll closely misses you. The troll claws you but does no damage.
You block the troll's attack.
You barely miss the troll.
The troll is almost dead.
You block the troll's attack. The troll closely misses you.
The troll claws you.
You barely miss the troll.
The troll is almost dead.
You block the troll's attack. x3
You scratch the troll.
The troll is almost dead.
You block the troll's attack. x2; The troll claws you!
* * * LOW HITPOINT WARNING * * *
You barely miss the troll.
The troll is almost dead.
The troll bites you.
* * * LOW HITPOINT WARNING * * *
The troll claws you.
* * * LOW HITPOINT WARNING * * *
You block the troll's attack.
You scratch the troll.
The troll is almost dead.
The troll bites you.
* * * LOW HITPOINT WARNING * * *
You block the troll's attack. x2
You scratch the troll but do no damage.
The troll is almost dead.
The troll bites you.
* * * LOW HITPOINT WARNING * * *
The troll completely misses you. You block the troll's attack.
You scratch the troll.
The troll is almost dead.
You block the troll's attack. The troll claws you!
* * * LOW HITPOINT WARNING * * *
The troll claws you!
You die...

#.##.#.#.........
#......+.....#♣♣ ....
####.#.#.....# ♣ ......#
.......+.....###.###........
.....#.#.......#.#.#.......#
######.#.......# ..#........
#.#.......# #.#........
#.#.......###..........
..........@T.........
##############.#..#####
................
...####......... ..
..........# ...
.....y....... .#
~~.~~..~~...... .#
≈~~~≈~≈≈≈FS.... .#
~..≈≈≈≈≈~~~~..#


You could see a troll.

Vanquished Creatures
  A two-headed ogre (D:8)
  Joseph (D:8)
  Sigmund (D:3)
  2 steam dragons (D:7)
  4 vampire mosquitoes (D:9)
  7 orc warriors
  3 ice beasts
  2 black bears
  2 sky beasts
  4 centaurs
  Blork the orc (D:4)
  3 bullfrogs
  4 scorpions
  2 necrophages
  13 wights
  4 killer bees
  2 howler monkeys (D:7)
  4 hounds
  7 orc priests
  2 jellies
  4 iguanas
  12 orc wizards
  A statue (D:7)
  9 adders
  2 shadow imps
  A white imp (D:8)
  An ufetubus (D:7)
  A dart slug (D:5)
  4 worms
  49 orcs
  6 ball pythons
  3 bats
  6 endoplasms
  A giant cockroach (D:3)
  5 goblins
  6 hobgoblins
  6 jackals
  4 quokkas
  3 frilled lizards
  3 kobolds
  5 rats
  A lurking horror (D:6)
202 creatures vanquished.

Notes
Turn   | Place    | Note
-------+----------+-------------------------------------------
     0 | D:1      | purpskrrrp the Troll Fighter began the quest for the Orb.
     0 | D:1      | Reached XP level 1. HP: 22/22 MP: 0/0
   226 | D:1      | Reached XP level 2. HP: 29/29 MP: 1/1
   363 | D:1      | Found a faded altar of an unknown god.
   780 | D:1      | Gained mutation: You are agile. (Dex +4, Str/Int -1)
                  | [potion of mutation]
   780 | D:1      | Gained mutation: You are partially covered in iridescent
                  | scales. (AC +2) [potion of mutation]
   895 | D:2      | Reached XP level 3. HP: 36/36 MP: 2/2
  1141 | D:2      | Reached skill level 3 in Unarmed Combat
  1219 | D:2      | Reached XP level 4. HP: 44/44 MP: 3/3
  1430 | D:3      | Found a snail-covered altar of Cheibriados.
  1450 | D:3      | Noticed Sigmund
  1463 | D:3      | Killed Sigmund
  1464 | D:3      | Reached XP level 5. HP: 53/53 MP: 4/4
  1627 | D:3      | Reached skill level 4 in Unarmed Combat
  1635 | D:3      | Reached XP level 6. HP: 48/61 MP: 5/5
  1916 | D:3      | Found a shimmering blue altar of Sif Muna.
  2010 | D:3      | Became a worshipper of Cheibriados the Contemplative
  2170 | D:4      | Noticed Blork the orc
  2186 | D:4      | Killed Blork the orc
  2187 | D:4      | Reached * piety under Cheibriados
  2309 | D:4      | Reached XP level 7. HP: 67/67 MP: 6/6
  2445 | D:4      | Reached skill level 5 in Unarmed Combat
  2644 | D:4      | Reached skill level 5 in Shields
  2757 | D:5      | Entered Level 5 of the Dungeon
  2846 | D:5      | Reached ** piety under Cheibriados
  2898 | D:5      | Reached XP level 8. HP: 78/78 MP: 7/7
  2966 | D:5      | Reached skill level 6 in Unarmed Combat
  3295 | D:5      | Found Ikkobbix's Assorted Antiques.
  3754 | D:6      | Found a corrupted altar of Lugonu.
  3792 | D:6      | Found a one-way gate to the infinite horrors of the Abyss.
  4053 | D:6      | Found an iron altar of Okawaru.
  4306 | D:6      | Reached skill level 7 in Unarmed Combat
  4365 | D:6      | Reached *** piety under Cheibriados
  4524 | D:7      | Reached XP level 9. HP: 85/85 MP: 8/8
  4875 | D:7      | Reached skill level 5 in Dodging
  4880 | D:7      | Found a bloodstained altar of Trog.
  4945 | D:7      | Reached skill level 5 in Fighting
  5018 | D:7      | Reached skill level 8 in Unarmed Combat
  5133 | D:7      | Found a staircase to the Ecumenical Temple.
  5273 | D:7      | Found a radiant altar of Vehumet.
  5403 | D:8      | Noticed a two-headed ogre
  5409 | D:8      | Killed a two-headed ogre
  5409 | D:8      | Reached **** piety under Cheibriados
  5421 | D:8      | Reached XP level 10. HP: 40/96 MP: 9/9
  5562 | D:8      | Noticed Joseph
  5577 | D:8      | Killed Joseph
  5578 | D:8      | Reached skill level 9 in Unarmed Combat
  5882 | D:8      | Found a white marble altar of Elyvilon.
  5962 | D:8      | Found Wisatas's Antique Armour Shop.
  6445 | D:9      | HP: 4/98 [troll (10)]
  6445 | D:9      | Mangled by a troll

Illustrated notes

Levels and vault maps discovered:
D:1:      denvon_arrival_planthouse, layout_basic, basic_ecumenical_altar
D:2:      layout_loops_ring
D:3:      layout_basic, nicolae_sif_muna_little_library, cheibriados_altar_1,
          minmay_misc_feat_chi, st_stairs_3, uniq_sigmund
D:4:      layout_basic, wad_orctagon, uniq_blork_the_orc
D:5:      layout_cave_pods, serial_shops, shop, grunt_ministairs_6,
          nicolae_fountain_basement
D:6:      nicolae_cairo_tiling_large, layout_basic, old_standard_altar,
          amcnicky_altar_lugonu_corruption
D:7:      layout_loops_cross, vehumet_statue, mainiacjoe_overflow_alcove_4,
          temple_green, grunt_ministairs_15
D:8:      minmay_spotlight, layout_basic, elyvilon_altar_5, serial_shops,
          nicolae_shop_stone, nicolae_underground_beach, uniq_joseph
D:9:      layout_basic, erik_lair_island, serial_shops, shop_fountains,
          minmay_tree_intersection, roderic_lattice_a, minmay_holes,
          minivault_23, minivault_24, grunt_ministairs_4

Skill      XL: |  1  2  3  4  5  6  7  8  9 10 |
---------------+-------------------------------+-----
Shields        | 3 4 5 6 8 |  8.9
Unarmed Combat | 3 4 5 7 8 9 |  9.6
Fighting       | 3 4 5 6 |  6.0
Dodging        | 3 4 5 6 |  6.0

Action                   |  1- 3 |  4- 6 |  7- 9 | 10-12 || total
-------------------------+-------+-------+-------+-------++-------
Melee: Unarmed           |    70 |   121 |   315 |   105 ||   611
  Use: Scroll            |     3 |       |     9 |     3 ||    15
       Potion            |     1 |     1 |       |       ||     2
 Stab: Sleeping          |       |       |     2 |     2 ||     4
       Distracted        |       |       |     1 |       ||     1
Armor: Robe              |    26 |    33 |    81 |    11 ||   151
Dodge: Dodged            |    25 |    41 |   102 |    32 ||   200
Block: Kite shield       |    20 |       |       |       ||    20
       Tower shield      |     8 |   100 |   294 |   117 ||   519

Table legend: (Time is in decaauts)
 A = Elapsed time spent in this place.
 B = Non-inter-level travel time spent in this place.
 C = Inter-level travel time spent in this place.
 D = Time resting spent in this place.
 E = Time spent auto-exploring this place.
 F = Levels seen in this place.
 G = Mean time per level.
                   A        B        C        D        E       F      G
               +--------+--------+--------+--------+--------+-----+--------+
         Total |   8502 |   8207 |    295 |    188 |   6378 |   9 |  944.7 |
       Dungeon |   8502 |   8207 |    295 |    188 |   6378 |   9 |  944.7 |
               +--------+--------+--------+--------+--------+-----+--------+

Top non-repeatable levels by time:
     D:8: 1500 daAuts
     D:5: 1360 daAuts
     D:7: 1201 daAuts
     D:6: 1139 daAuts
     D:4: 968 daAuts
     D:1: 818 daAuts
     D:3: 632 daAuts
     D:2: 596 daAuts
     D:9: 285 daAuts
